 Dungeon Crawl Stone Soup version 0.28-a0-1555-g9ae15a6949 (webtiles) character file.

Game seed: 5697936063436814074

3435 Crownlay the Cleaver (level 10, -46/91 (93) HPs)
             Began as a Hill Orc Fighter on Jan 18, 2022.
             Annihilated by a boulder beetle (53 damage)
             ... on level 8 of the Dungeon.
             The game lasted 00:17:06 (7049 turns).

Crownlay the Cleaver (Hill Orc Fighter)             Turns: 7049, Time: 00:17:06

HP:   -46/91 (93)   AC: 10    Str: 24    XL:     10   Next: 5%
MP:   12/12         EV:  9    Int:  8    God:
Gold: 294           SH:  5    Dex: 16    Spells: 9/9 levels left

rFire   . . .      SeeInvis .   A - +2 war axe (pain)
rCold   . . .      Faith    .   c - +0 buckler
rNeg    . . .      Spirit   .   b - +0 scale mail
rPois   .          Reflect  .   t - +1 helmet
rElec   .          Harm     .   (no cloak)
rCorr   .          Rampage  .   g - +0 pair of gloves
Will    .....                   (no boots)
Stlth   ..........              (no amulet)
HPRegen 0.25/turn               r - +6 ring of dexterity
MPRegen 0.13/turn               (no ring)

@: studying Maces & Flails, lightly drained
A: no striking features
a: no special abilities


You were on level 8 of the Dungeon.
You visited 1 branch of the dungeon, and saw 7 of its levels.

You collected 342 gold pieces.
You spent 48 gold pieces at shops.

Inventory:

Hand Weapons
 h - a +7 spear of freezing
 A - a +2 war axe of pain (weapon)
Missiles
 a - 2 throwing nets
 p - 6 boomerangs (quivered)
 B - a curare-tipped dart
Armour
 b - a +0 scale mail (worn)
 c - a +0 buckler (worn)
 g - a +0 pair of gloves (worn)
 t - a +1 helmet (worn)
Jewellery
 r - a +6 ring of dexterity (left hand)
Wands
 q - a wand of iceblast (14)
 w - a wand of mindburst (13)
Scrolls
 d - 2 scrolls of teleportation {unknown}
 f - 3 scrolls of identify {unknown}
 j - 2 scrolls of noise
 m - 2 scrolls of amnesia {unknown}
 n - a scroll of holy word {unknown}
 s - 2 scrolls of enchant weapon {unknown}
 v - a scroll of blinking {unknown}
 x - a scroll of summoning {unknown}
 y - a scroll of acquirement {unknown}
 z - a scroll of vulnerability {unknown}
Potions
 i - 3 potions of lignification
 o - 3 potions of flight
Miscellaneous
 u - a piece from Xom's chessboard (15/15)


   Skills:
 - Level 10.0 Fighting
 - Level 14.0 Axes
 - Level 3.2 Armour
 - Level 4.0 Shields
 + Level 3.4 Invocations
 + Level 2.5 Evocations


You had 9 spell levels left.
You didn't know any spells.
Your spell library contained the following spells:

 Spells                   Type           Power      Damage    Failure   Level
 Sandblast                Erth           0%         2d4       80%         1
 Shock                    Conj/Air       0%         1d3       80%         1
 Passwall                 Tmut/Erth      0%         N/A       91%         2
 Call Canine Familiar     Summ           0%         N/A       99%         3
 Portal Projectile        Hex/Tloc       0%         N/A       99%         3
 Stone Arrow              Conj/Erth      0%         3d7       99%         3
 Swiftness                Air            0%         N/A       99%         3
 Airstrike                Air            0%         N/A       100%        4
 Cause Fear               Hex            0%         N/A       100%        4
 Leda's Liquefaction      Hex/Erth       0%         N/A       100%        4
 Dragon Form              Tmut           0%         N/A       100%        7
 Dragon's Call            Summ           0%         N/A       100%        9


Dungeon Overview and Level Annotations

Branches:
Dungeon (8/15)
 Temple: D:4-7         Lair: D:8-11

Altars:
Ashenzari
Elyvilon
Makhleb
Qazlal
Trog
Xom
Yredelemnul
The Shining One

Shops:
D:1 *(*=!   D:4 (

Annotations:
D:6 1 runed translucent door, sanka's ghost, novice GnCj


Message History

You barely miss the kobold.
The kobold is heavily wounded.
The kobold hits you but does no damage.
You slash the kobold!
You kill the kobold!
A boulder beetle comes into view.
Found a jewelled bone wand.
You hit the wight.
The wight is lightly damaged.
The wight hits you but does no damage.
The boulder beetle curls into a ball and begins rolling!
You hit the wight.
The wight is moderately damaged.
The wight hits you with a +3 hand axe.
You feel drained.
You completely miss the wight.
The wight is moderately damaged.
The wight hits you with a +3 hand axe.
You slash the wight!
The wight is almost destroyed.
The wight hits you with a +3 hand axe.
You hit the wight but do no damage.
The wight is almost destroyed.
The wight misses you.
You hit the wight but do no damage.
The wight is almost destroyed.
You hit the boulder beetle but do no damage.
The boulder beetle hits you!!!
Ouch! That really hurt!
* * * LOW HITPOINT WARNING * * *
The boulder beetle stops rolling and uncurls.
The wight hits you with a +3 hand axe!
* * * LOW HITPOINT WARNING * * *
You hear a horrible gurgling sound!
You hear a loud, deep croak!
Okay, then.
Okay, then.
The boulder beetle curls into a ball and begins rolling!
There is a stone staircase leading up here.
The boulder beetle hits you!!!
Ouch! That really hurt!
You die...

#... ## #...##.#
##......#
........#
/.......#
#......# ###
##......###...###
+......°B@)......
#....°.z........
#...............
#....##.##..##$#
#.... ### ### #
#.... #.... +...
##..


You could see a boulder beetle (rolling) and a wight.

Vanquished Creatures
  Harold (D:7)
  Sigmund (D:3)
  4 yaks
  A steam dragon (D:7)
  Menkaure (D:7)
  An ice beast (D:6)
  A necrophage (D:6)
  An ogre (D:6)
  A centaur (D:6)
  3 kobold brigands
  A gnoll sergeant (D:6)
  2 bullfrogs (D:7)
  2 scorpions
  A wyvern zombie (D:8)
  2 wights (D:7)
  3 howler monkeys (D:7)
  A centaur zombie (D:6)
  A hound (D:6)
  A bullfrog skeleton (D:6)
  2 orc priests (D:7)
  A centaur skeleton (D:7)
  Jessica (D:2)
  3 iguanas (D:6)
  Terence (D:2)
  Natasha (thrice) (D:3)
  An orc wizard (D:3)
  A killer bee zombie (D:7)
  Robin (D:3)
  6 adders
  9 gnolls (D:6)
  A shadow imp (D:6)
  A white imp (D:6)
  An adder skeleton (D:4)
  4 worms
  4 dart slugs
  12 orcs
  6 ball pythons
  6 bats
  8 endoplasms
  7 giant cockroaches
  16 goblins
  10 hobgoblins
  5 quokkas
  4 frilled lizards
  21 kobolds
  A quokka skeleton (D:4)
  4 rats
169 creatures vanquished.

Vanquished Creatures (others)
  22 fungi (D:7)
  A plant (D:3)
23 creatures vanquished.

Grand Total: 192 creatures vanquished

Notes
Turn   | Place    | Note
-------+----------+-------------------------------------------
     0 | D:1      | Crownlay the Hill Orc Fighter began the quest for the Orb.
     0 | D:1      | Reached XP level 1. HP: 19/19 MP: 1/1
    72 | D:1      | Reached skill level 3 in Axes
   150 | D:1      | Reached XP level 2. HP: 25/27 MP: 2/2
   195 | D:1      | Found a faded altar of an unknown god.
   197 | D:1      | Found Jagad's General Store.
   259 | D:1      | Bought a scroll of noise for 14 gold pieces
   391 | D:1      | Found Ruet's Antique Weapon Boutique.
   472 | D:1      | Found Wekhlomig's Assorted Antiques.
   481 | D:1      | Bought a scroll labelled BIDDA WUFA for 17 gold pieces
   481 | D:1      | Bought a scroll labelled KEBBOL HI WICWAJU for 17 gold
                  | pieces
   500 | D:1      | Found Iga Zaso's Jewellery Emporium.
   504 | D:1      | Found Jomodgh's Distillery.
   600 | D:1      | Reached XP level 3. HP: 32/33 MP: 3/3
   749 | D:2      | Noticed Terence
   759 | D:2      | Killed Terence
   760 | D:2      | Reached skill level 4 in Axes
   816 | D:2      | Reached XP level 4. HP: 38/40 MP: 4/4
  1059 | D:2      | Noticed Jessica
  1065 | D:2      | Killed Jessica
  1280 | D:2      | Reached skill level 5 in Axes
  1401 | D:2      | Reached XP level 5. HP: 47/47 MP: 5/5
  1478 | D:2      | Found a stormy altar of Qazlal.
  1722 | D:3      | Noticed Natasha
  1728 | D:3      | Killed Natasha
  1768 | D:3      | Reached skill level 5 in Fighting
  1963 | D:3      | Noticed Natasha
  1970 | D:3      | Killed Natasha
  1971 | D:3      | Reached skill level 6 in Axes
  2015 | D:3      | Noticed Sigmund
  2179 | D:3      | Killed Sigmund
  2180 | D:3      | Reached skill level 7 in Axes
  2180 | D:3      | Reached XP level 6. HP: 57/57 MP: 6/6
  2283 | D:3      | Found a burning altar of Makhleb.
  2523 | D:3      | Noticed Natasha
  2530 | D:3      | Killed Natasha
  2587 | D:3      | Noticed Robin
  2610 | D:3      | Killed Robin
  2611 | D:3      | Reached XP level 7. HP: 56/62 MP: 7/7
  3026 | D:4      | Found a white marble altar of Elyvilon.
  3073 | D:4      | Reached skill level 8 in Axes
  3243 | D:4      | Found a basalt altar of Yredelemnul.
  3488 | D:4      | Found a shimmering altar of Xom.
  3626 | D:4      | Found Aptipse's Antique Weapon Shoppe.
  3815 | D:4      | You fall into a shaft and drop 2 floors!
  3854 | D:6      | HP: 2/64 [centaur (6)]
  3865 | D:6      | Reached skill level 9 in Axes
  3876 | D:6      | HP: 1/96 [iguana (9)]
  4218 | D:6      | Reached XP level 8. HP: 71/71 MP: 8/8
  4338 | D:6      | Reached skill level 10 in Axes
  4725 | D:6      | Found a runed translucent door.
  4726 | D:6      | Noticed sanka's ghost (novice GnCj)
  4875 | D:6      | Found a glowing golden altar of the Shining One.
  5070 | D:7      | Found a broken altar of Ashenzari.
  5153 | D:7      | Reached skill level 11 in Axes
  5422 | D:7      | Noticed Harold
  5450 | D:7      | Killed Harold
  5451 | D:7      | Reached skill level 12 in Axes
  5451 | D:7      | Reached XP level 9. HP: 28/83 MP: 9/9
  5483 | D:7      | Reached skill level 13 in Axes
  5493 | D:7      | HP: 4/84 [yak (12)]
  6232 | D:7      | Noticed Menkaure
  6238 | D:7      | Killed Menkaure
  6239 | D:7      | Reached skill level 10 in Fighting
  6239 | D:7      | Reached skill level 14 in Axes
  6239 | D:7      | Reached skill level 1 in Invocations
  6456 | D:7      | Found a bloodstained altar of Trog.
  6524 | D:7      | Reached skill level 1 in Evocations
  6877 | D:7      | Reached XP level 10. HP: 83/92 MP: 11/11
  7040 | D:8      | Noticed a boulder beetle
  7049 | D:8      | Annihilated by a boulder beetle

Illustrated notes

Levels and vault maps discovered:
D:1:      dpeg_arrival_windows_large_door, layout_basic,
          hellmonk_ecumenical_altar_lost_god, serial_shops,
          nicolae_shop_overgrown_old_shop, nicolae_shop_stone, shop_statue,
          shop, shop, minmay_pentomino_x2
D:2:      layout_loops_ring, basic_altar, minmay_quantized, uniq_terence,
          uniq_jessica
D:3:      layout_basic, mainiacjoe_overflow_boulevard, uniq_robin, uniq_natasha,
          uniq_sigmund
D:4:      minmay_general_purpose_star, layout_loops_corners,
          lemuel_crystal_altar, xom_butterflies, yredelemnul_altar_generic,
          serial_shops, nicolae_stop_n_shop_1, minmay_unequal, uniq_pikel
D:6:      layout_basic, mainiacjoe_overflow_alcove_1, gammafunk_ghost_grave,
          minmay_manual_macuahuitl
D:7:      layout_loops_ring, mainiacjoe_overflow_cross_hatched,
          overflow_temple_1_default, uniq_menkaure, uniq_harold
D:8:      layout_gridville, mainiacjoe_overflow_six_doors_small, uniq_gastronok

Skill      XL: |  1  2  3  4  5  6  7  8  9 10 |
---------------+-------------------------------+-----
Axes           | 3 4 5 7 9 12 14 | 14.0
Fighting       | 4 5 6 9 10 | 10.0
Shields        | 4 |  4.0
Invocations    | 2 3 |  3.4
Evocations     | 1 2 |  2.5
Armour         | |  3.2

Action                   |  1- 3 |  4- 6 |  7- 9 | 10-12 || total
-------------------------+-------+-------+-------+-------++-------
Melee: War axe           |    35 |   143 |   224 |    17 ||   419
       Spear             |       |       |    21 |       ||    21
       Hunting sling     |       |       |     1 |       ||     1
 Fire: Hunting sling     |    35 |       |    63 |       ||    98
Throw: Boomerang         |       |     6 |     7 |       ||    13
  Use: Potion            |     1 |     1 |     7 |       ||     9
Armor: Scale mail        |    28 |    70 |    80 |     9 ||   187
       Skin              |       |       |    30 |       ||    30
Dodge: Dodged            |    23 |    53 |   100 |     4 ||   180
Block: Buckler           |    13 |    25 |    49 |     4 ||    91

Table legend: (Time is in decaauts)
 A = Elapsed time spent in this place.
 B = Non-inter-level travel time spent in this place.
 C = Inter-level travel time spent in this place.
 D = Time resting spent in this place.
 E = Time spent auto-exploring this place.
 F = Levels seen in this place.
 G = Mean time per level.
                   A        B        C        D        E       F      G
               +--------+--------+--------+--------+--------+-----+--------+
         Total |   7113 |   6967 |    146 |     10 |   5665 |   7 | 1016.1 |
       Dungeon |   7113 |   6967 |    146 |     10 |   5665 |   7 | 1016.1 |
               +--------+--------+--------+--------+--------+-----+--------+

Top non-repeatable levels by time:
     D:6: 1813 daAuts
     D:7: 1389 daAuts
     D:3: 1216 daAuts
     D:2: 1090 daAuts
     D:4: 817 daAuts
     D:1: 760 daAuts
     D:8: 25 daAuts
